 Dungeon Crawl Stone Soup version 0.31-a0-1591-g515db51633 (webtiles) character file.

Game seed: 2882305303817215830

200 2tousent the Apothecary (level 5, -10/38 HPs)
             Began as a Demonspawn Alchemist on Jan 6, 2024.
             Was a Believer of Makhleb.
             Killed by divine providence
             ... invoked by an orc priest
              (16 damage)
             ... on level 3 of the Dungeon.
             The game lasted 00:13:42 (2531 turns).

2tousent the Apothecary (Demonspawn Alchemist)      Turns: 2531, Time: 00:13:43

Health: -10/38     AC:  2    Str:  9    XL:     5   Next: 48%
Magic:  0/8        EV: 12    Int: 15    God:    Makhleb [**....]
Gold:   89         SH:  0    Dex: 15    Spells: 1/8 levels left

rFire   . . .        c - +0 dagger
rCold   x . .        (no shield)
rNeg    . . .        a - +0 robe
rPois   +            (no helmet)
rElec   .            (no cloak)
rCorr   .            (no gloves)
SInv    .            (no boots)
Will    .....        (no amulet)
Stlth   ++           (no ring)
HPRegen 0.26/turn    (no ring)
MPRegen 0.22/turn

%: guardian spirit
@: very slightly contaminated
A: claws 1, magic shield, magic regeneration, talons 1, poison resistance, cold
vulnerability 1, MP-powered wands
a: Renounce Religion, Minor Destruction


You were on level 3 of the Dungeon.
You worshipped Makhleb.
Makhleb was pleased with you.
You visited 1 branch of the dungeon, and saw 3 of its levels.

You collected 89 gold pieces.

Inventory:

Hand Weapons
 c - a +0 dagger (weapon)
Armour
 a - a +0 robe (worn)
Jewellery
 g - an amulet of faith
 p - an amulet of magic regeneration
Talismans
 h - a flux talisman
Wands
 r - a wand of acid (3)
Scrolls
 d - 3 scrolls of teleportation {unknown}
 e - 2 scrolls of fog {unknown}
 f - a scroll of noise {unknown}
 j - a scroll of acquirement {unknown}
 l - a scroll of enchant weapon {unknown}
 m - a scroll of immolation {unknown}
 n - a scroll of revelation {unknown}
 o - 4 scrolls of amnesia {unknown}
 q - a scroll of silence {unknown}
Potions
 k - a potion of invisibility {unknown}


   Skills:
 + Level 1.6 Fighting
 + Level 2.6 Dodging
 - Level 1.9 Stealth
 - Level 2.2 Spellcasting
 - Level 1.2 Conjurations
 * Level 4.3 Alchemy
 * Level 2.0 Shapeshifting


You had one spell level left.
You knew the following spells:

 Your Spells              Type           Power      Damage    Failure   Level
a - Sting                 Conj/Alch      40%        1d5       7%          1
b - Mercury Vapours       Alch/Air       16%        N/A       13%         2
c - Olgreb's Toxic Radia  Alch           14%        N/A       34%         4

Your spell library contained the following spells:

 Spells                   Type           Power      Damage    Failure   Level
 Foxfire                  Conj/Fire      12%        2x1d4     17%         1
 Shock                    Conj/Air       12%        1d3       17%         1
 Freeze                   Ice            4%         1d3       22%         1
 Mephitic Cloud           Conj/Alch/Air  7%         N/A       30%         3
 Hailstorm                Conj/Ice       3%         3d5       45%         3
 Frozen Ramparts          Ice            2%         1d1       54%         3
 Swiftness                Air            1%         N/A       54%         3
 Tukima's Dance           Hex            1%         N/A       54%         3
 Sticky Flame             Fire/Alch      8%         2d4       65%         4
 Airstrike                Air            0%         2d(1-17)  91%         4
 Passage of Golubria      Tloc           1%         N/A       91%         4
 Yara's Violent Unravell  Hex/Alch       4%         3d4       94%         5
 Plasma Beam              Fire/Air       0%         2x1d10    100%        6
 Starburst                Conj/Fire      1%         6d3       100%        6


Dungeon Overview and Level Annotations

Branches:
Dungeon (3/15)

Altars:
Makhleb

Annotations:
D:3 Natasha


Innate Abilities, Weirdness & Mutations

You have sharp fingernails.
When hurt, damage is shared between your health and your magic reserves.
You regenerate magic rapidly.
You have sharp toenails.
Your system is resistant to poisons. (rPois)
You are vulnerable to cold. (rC-)
You expend magic power (3 MP) to strengthen your wands.


Message History

You closely miss the orc priest.
The orc priest is almost dead.
The orc priest closely misses you. Something hits you.
Something hits you but does no damage.
You hit the orc priest but do no damage.
The orc priest is almost dead.
The orc priest hits you with a +0 flail.
You hear some strange, mumbled words.
A puff of flame appears from out of thin air!
The puff of flame misses you.
You hit the orc priest but do no damage.
Your kick misses the orc priest.
The orc priest is almost dead.
The orc priest barely misses you.
You hear some strange, mumbled words.
A puff of flame appears from out of thin air!
The puff of flame hits you.
You hit the orc priest but do no damage.
You claw the orc priest, but do no damage.
The orc priest is almost dead.
The orc priest calls down the wrath of Beogh upon you.
Pain shoots through your body!
* * * LOW HITPOINT WARNING * * *
You hear some strange, mumbled words.
A puff of flame appears from out of thin air!
The puff of flame misses you. Magic courses through your body.
Natasha hisses angrily.
The orc priest hits you with a +0 flail!
* * * LOW HITPOINT WARNING * * *
Something hits you but does no damage.
Unknown command.
Casting: Olgreb's Toxic Radiance (extremely dangerous; 34% risk of failure)
Confirm with . or Enter, or press ? or * to list all spells.
You miscast Olgreb's Toxic Radiance.
You are very lightly contaminated with residual magic.
You are engulfed in toxic fumes.
The orc priest calls down the wrath of Beogh upon you.
Beogh smites you!
You die...

.......).... #.....##
.......)..# #.....##
.......)†.# #....### #
#....# #......#
#..####....######......#
#...............#†..)..#
h......#....?........).#..
.......#..o............#..
.......#.@{..........#)...
.......#.........>...'.)..
.......#...).......###....
.......#...........# ##...
.......h........(... #...
#........##...... ....
#...##...##......# . #...
#............ ...
#.............


You could see an orc priest (poisoned) and Natasha.

Vanquished Creatures
  An orc priest (D:3)
  Natasha (D:3)
  2 orc wizards (D:3)
  A gnoll (D:1)
  3 adders
  2 dart slugs
  A ribbon worm (D:2)
  6 orcs (D:3)
  6 ball pythons
  8 bats
  An endoplasm (D:1)
  4 giant cockroaches
  3 goblins
  2 hobgoblins (D:2)
  2 jackals (D:2)
  3 kobolds
  A quokka (D:2)
  A frilled lizard (D:3)
  2 rats
50 creatures vanquished.

Notes
Turn   | Place    | Note
-------+----------+-------------------------------------------
     0 | D:1      | 2tousent the Demonspawn Alchemist began the quest for the
                  | Orb.
     0 | D:1      | Reached XP level 1. HP: 13/13 MP: 3/3
   216 | D:1      | Gained mutation: You regenerate magic rapidly. [demonic
                  | ancestry]
   216 | D:1      | Reached XP level 2. HP: 16/19 MP: 1/5
   523 | D:1      | Learned a level 2 spell: Mercury Vapours
   967 | D:1      | Gained mutation: You have sharp fingernails. [demonic
                  | ancestry]
   967 | D:1      | Reached XP level 3. HP: 7/25 MP: 4/6
  1186 | D:2      | HP: 1/25 [quokka (2)]
  1323 | D:2      | Found a faded altar of an unknown god.
  1330 | D:2      | Prayed at the altar of an unknown god.
  1330 | D:2      | Became a worshipper of Makhleb the Destroyer
  1330 | D:2      | Reached * piety under Makhleb
  1902 | D:2      | Reached skill level 1 in Fighting
  2023 | D:2      | Reached skill level 1 in Shapeshifting
  2097 | D:3      | Gained mutation: When hurt, damage is shared between your
                  | health and your magic reserves. [demonic ancestry]
  2097 | D:3      | Reached XP level 4. HP: 25/32 MP: 7/7
  2299 | D:3      | Noticed Natasha
  2305 | D:3      | Killed Natasha
  2311 | D:3      | Learned a level 4 spell: Olgreb's Toxic Radiance
  2329 | D:3      | Reached skill level 4 in Alchemy
  2336 | D:3      | Gained mutation: Your system is resistant to poisons.
                  | (rPois) [potion of mutation]
  2336 | D:3      | Gained mutation: You have sharp toenails. [potion of
                  | mutation]
  2336 | D:3      | Gained mutation: You are vulnerable to cold. (rC-) [potion
                  | of mutation]
  2336 | D:3      | Gained mutation: You expend magic power (3 MP) to
                  | strengthen your wands. [potion of mutation]
  2339 | D:3      | Reached ** piety under Makhleb
  2345 | D:3      | Reached XP level 5. HP: 10/37 MP: 0/8
  2492 | D:3      | Noticed Natasha
  2531 | D:3      | Killed from afar by an orc priest

Illustrated notes

Levels and vault maps discovered:
D:1:      tarquinn_simple_flora_water_e, layout_basic
D:2:      layout_loops_ring, ebering_ecumenical_altar_webs,
          minmay_splitting_lines
D:3:      layout_basic, nicolae_ru_the_path_less_chosen, uniq_natasha

Skill      XL: |  1  2  3  4  5 |
---------------+----------------+-----
Dodging        | 2 |  2.6
Fighting       | 1 |  1.6
Shapeshifting  | 1 2 |  2.0
Alchemy        | 4 |  4.3
Stealth        | |  1.9
Spellcasting   | |  2.2
Conjurations   | |  1.2

Action                     |  1- 3 |  4- 6 || total
---------------------------+-------+-------++-------
  Melee: Unarmed           |    11 |       ||    11
         Dagger            |    77 |    31 ||   108
         Punch             |     1 |     1 ||     2
         Kick              |       |     2 ||     2
   Cast: Sting             |    52 |     8 ||    60
         Mercury Vapours   |     4 |     1 ||     5
         Olgreb's Toxic Ra |       |     3 ||     3
  Evoke: Wand              |       |     3 ||     3
    Use: Potion            |       |     2 ||     2
   Stab: Sleeping          |     3 |     1 ||     4
 Armour: Robe              |    61 |    29 ||    90
         Skin              |     3 |       ||     3
  Dodge: Dodged            |   100 |    17 ||   117
   Form: Flux              |     1 |       ||     1
                           |     1 |       ||     1

Table legend: (Time is in decaauts)
 A = Elapsed time spent in this place.
 B = Non-inter-level travel time spent in this place.
 C = Inter-level travel time spent in this place.
 D = Time resting spent in this place.
 E = Time spent auto-exploring this place.
 F = Levels seen in this place.
 G = Mean time per level.
                   A        B        C        D        E       F      G
               +--------+--------+--------+--------+--------+-----+--------+
         Total |   2529 |   2499 |     30 |     15 |   1977 |   3 |  843.0 |
       Dungeon |   2529 |   2499 |     30 |     15 |   1977 |   3 |  843.0 |
               +--------+--------+--------+--------+--------+-----+--------+

Top non-repeatable levels by time:
     D:2: 1078 daAuts
     D:1: 993 daAuts
     D:3: 457 daAuts
